AoeStats
← CrytoSky

Black Forest

504850593Analyzed
3v3 RM · 26d ago on Sep 6, 2026· 59m 8s· 6 players
Game mode
Random Map
Map size
Normal (6 player)
Population
200
Speed
Normal
Resources
Standard
Victory
Conquest
Starting age
Dark Age
Ending age
Imperial Age
RankedLock teamsTeams togetherTeam positionsShared explorationLock speedFull tech treeHidden civsTurbo modeCheats
Victory
Defeat
🇨🇿 Portuguese · Czechia
802
+10
🇨🇿 Chinese · Czechia
741
+12
🇪🇸 Persians · Spain
675
+16
🇹🇷 Turks · Türkiye
886
-67
🇹🇷 Britons · Türkiye
617
-11
🇹🇷 Huns · Türkiye
480
-6
Ziky
0:31 Loom
12:43 Feudal Age
13:59 Wheelbarrow
13:11 Double-Bit Axe
13:07 Horse Collar
15:22 Gold Mining
15:24 Stone Mining
22:36 Castle Age
20:56 Arson
23:08 Padded Archer Armor
22:59 Fletching
23:33 Hand Cart
23:29 Bow Saw
23:39 Heavy Plow
24:42 Leather Archer Armor
24:23 Bodkin Arrow
25:10 Gold Shaft Mining
27:25 Stone Shaft Mining
32:38 Squires
31:59 Pikeman
32:00 Elite Skirmisher
32:47 Thumb Ring
33:25 Caravan
33:25 Crossbowman
34:19 Forging
34:15 Scale Barding Armor
37:47 Imperial Age
35:20 Great Wall
35:36 Fortified Wall
35:47 Ballistics
36:31 Town Watch
36:50 Murder Holes
37:06 Masonry
37:53 Town Patrol
38:07 Forging
38:02 Scale Barding Armor
37:59 Husbandry
38:11 Bloodlines
37:21 Light Cavalry
39:08 Architecture
39:39 Chemistry
39:49 Two-Man Saw
38:12 Arbalester
38:14 Halberdier
38:17 Cavalier
38:57 Capped Ram
38:58 Heavy Rocket Cart
39:58 Bracer
40:29 Ring Archer Armor
41:08 Iron Casting
40:54 Chain Barding Armor
43:25 Rocketry
43:26 Elite Chu Ko Nu
44:59 Plate Barding Armor
45:25 Blast Furnace
Audocios
0:30 Loom
15:09 Feudal Age
15:26 Horse Collar
15:37 Double-Bit Axe
16:59 Wheelbarrow
17:44 Gold Mining
17:48 Stone Mining
18:35 Town Watch
27:56 Castle Age
25:21 Man-at-Arms
26:53 Bloodlines
27:08 Arson
28:25 Heavy Plow
28:40 Bow Saw
29:08 Gold Shaft Mining
29:11 Stone Shaft Mining
27:59 Long Swordsman
28:25 Gambesons
28:42 Husbandry
28:22 Crossbowman
30:48 Caravan
35:04 Imperial Age
33:43 Hand Cart
34:49 Ballistics
34:25 Murder Holes
36:04 Crop Rotation
35:43 Heated Shot
36:15 Town Patrol
37:50 Scale Barding Armor
37:45 Scale Mail Armor
37:55 Forging
37:46 Padded Archer Armor
37:39 Fletching
38:12 Elite War Elephant
39:03 Citadels
38:45 Pikeman
39:26 Squires
38:51 Elite Skirmisher
42:03 Kamandaran
42:41 Hoardings
43:42 Chain Barding Armor
43:57 Iron Casting
43:18 Bodkin Arrow
43:38 Leather Archer Armor
43:38 Chain Mail Armor
44:35 Thumb Ring
44:22 Halberdier
45:39 Cavalier
48:33 Plate Barding Armor
50:09 Savar
51:19 Parthian Tactics
55:55 Heavy Cavalry Archer
57:30 Plate Mail Armor
57:30 Ring Archer Armor
58:01 Blast Furnace
pocestny
2:23 Loom
23:50 Feudal Age
24:00 Man-at-Arms
24:29 Arson
25:32 Double-Bit Axe
26:53 Forging
27:50 Town Watch
28:48 Scale Mail Armor
28:41 Horse Collar
32:57 Fletching
37:54 Castle Age
37:41 Stone Mining
37:43 Gold Mining
38:48 Wheelbarrow
38:43 Town Patrol
39:58 Bow Saw
40:07 Hand Cart
41:04 Bodkin Arrow
41:26 Chain Mail Armor
41:47 Iron Casting
42:58 Heavy Plow
43:33 Fortified Wall
43:21 Murder Holes
43:47 Ballistics
44:44 Masonry
47:19 Imperial Age
48:41 Caravan
48:52 Guilds
50:45 Two-Man Saw
50:48 Chemistry
49:54 Siege Engineers
50:20 Architecture
49:16 Elite Organ Gun
50:57 Conscription
51:29 Arquebus
53:38 Crop Rotation
54:03 Onager
FATİH
12:16 Feudal Age
16:56 Castle Age
15:37 Double-Bit Axe
15:51 Horse Collar
16:46 Gold Mining
21:00 Bow Saw
24:05 Man-at-Arms
24:31 Gambesons
25:05 Pikeman
25:48 Long Swordsman
37:02 Padded Archer Armor
36:52 Fletching
38:50 Wheelbarrow
38:01 Loom
38:02 Town Watch
39:00 Gold Shaft Mining
38:15 Stone Mining
42:25 Imperial Age
40:44 Leather Archer Armor
40:24 Bodkin Arrow
40:32 Caravan
44:49 Two-Man Saw
44:22 Coinage
44:02 Guilds
44:25 Ring Archer Armor
43:55 Bracer
43:56 Scale Mail Armor
44:25 Hand Cart
44:11 Town Patrol
45:03 Hoardings
45:00 Forging
44:56 Scale Barding Armor
45:01 Elite Longbowman
45:31 Arrowslits
46:06 Ballistics
47:35 Chemistry
46:26 Guard Tower
46:47 Masonry
47:27 Chain Mail Armor
49:30 Pikeman
50:10 Squires
50:44 Architecture
50:25 Fortified Wall
49:50 Two-Handed Swordsman
50:38 Halberdier
54:48 Iron Casting
54:43 Plate Mail Armor
54:34 Chain Barding Armor
54:56 Keep
54:17 Murder Holes
54:14 Heated Shot
55:44 Halberdier
FZL
3:47 Loom
11:35 Feudal Age
22:37 Castle Age
26:47 Man-at-Arms
28:42 Arson
29:17 Long Swordsman
38:18 Scale Barding Armor
48:39 Imperial Age
45:48 Pikeman
46:29 Squires
46:43 Scale Mail Armor
47:04 Chain Barding Armor
57:17 Halberdier
CrytoSky
19:30 Feudal Age
20:53 Wheelbarrow
20:09 Horse Collar
20:47 Double-Bit Axe
22:42 Stone Mining
22:43 Gold Mining
22:49 Gold Mining
28:29 Castle Age
31:02 Hand Cart
30:37 Loom
30:40 Town Watch
32:12 Caravan
32:44 Coinage
34:22 Guard Tower
34:47 Masonry
35:13 Bow Saw
35:06 Heavy Plow
35:45 Gold Shaft Mining
37:07 Town Watch
40:55 Scale Barding Armor
40:51 Scale Mail Armor
41:02 Forging
40:42 Fletching
40:52 Padded Archer Armor
41:03 Man-at-Arms
41:43 Squires
41:29 Arson
44:38 Imperial Age
42:10 Treadmill Crane
42:21 Heated Shot
42:52 Ballistics
42:29 Murder Holes
42:45 Fortified Wall
41:58 Long Swordsman
43:02 Chain Barding Armor
42:57 Chain Mail Armor
43:37 Town Patrol
47:21 Bombard Tower
47:37 Keep
46:48 Arrowslits
46:43 Two-Handed Swordsman
52:38 Sanctity
52:19 Devotion
Connection lost

Rejoining the realm…

Still unreachable

The connection could not be restored.

Session expired

The server has moved on; the page needs a fresh start.